AA
AUBURN VENOM @ CAMDEN SAND TIGERS
07/17/2060
 
TOP OF THE 1ST
Auburn Venom batting - Pitching for Camden Sand Tigers : RHP Hazen Reyes
Pitching: RHP Hazen Reyes
Batting: RHB Scott Horry 0-0: Ball
1-0: Swinging Strike
1-1: Swinging Strike
1-2: Ball
2-2: Strikes out swinging
Batting: RHB Ebenezer N'Gotho 0-0: Ball
1-0: Foul Ball, location: 2F
1-1: Foul Ball, location: 2F
1-2: Foul Ball, location: 2F
1-2: Strikes out swinging
Batting: SHB Quinton Welch 0-0: Called Strike
0-1: Foul Ball, location: 2F
0-2: Ball
1-2: SOLO HOME RUN (Flyball, 89XD, EV 104.4 MPH), Distance : 417 ft
Batting: RHB Martin Robbins 0-0: Foul Ball, location: 2F
0-1: Ball
1-1: Ball
2-1: Foul Ball, location: 2F
2-2: Fly out, F7 (Flyball, 7D, EV 106.9 MPH)
Top of the 1st over - 1 run, 1 hit, 0 errors, 0 left on base; Auburn 1 - Camden 0
BOTTOM OF THE 1ST
Camden Sand Tigers batting - Pitching for Auburn Venom : RHP Erick York
Pitching: RHP Erick York
Batting: SHB Jared Manning 0-0: Called Strike
0-1: Foul Ball, location: 2F
0-2: Ball
1-2: Strikes out looking
Batting: RHB Randy Wassell 0-0: Ball
1-0: Ground out 6-3 (Groundball, 6, EV 83.8 MPH)
Batting: RHB Arel Dennis 0-0: Ball
1-0: Ball
2-0: Ball
3-0: Base on Balls
Batting: RHB Gregory Hofheins 0-0: Foul Ball, location: 2F
0-1: Ball
1-1: SINGLE (Groundball, 6MD, EV 95.6 MPH)
Arel Dennis to second
Runner from 2nd tries for 3rd, SAFE, throw by CF made to third
Batting: RHB Cale Bacon 0-0: Ball
1-0: Fly out, F9 (Line Drive, 9D, EV 89.4 MPH)
Bottom of the 1st over - 0 runs, 1 hit, 0 errors, 2 left on base; Auburn 1 - Camden 0
TOP OF THE 2ND
Auburn Venom batting - Pitching for Camden Sand Tigers : RHP Hazen Reyes
Batting: RHB Dario Dokter 0-0: Called Strike
0-1: Foul Ball, location: 2F
0-2: Ball
1-2: Ball
2-2: Foul Ball, location: 2F
2-2: Foul Ball, location: 2F
2-2: SOLO HOME RUN (Flyball, 7LD, EV 95.0 MPH), Distance : 358 ft
Batting: LHB Da-Jon Akii-Bua 0-0: Ball
1-0: SINGLE (Line Drive, 34, EV 95.6 MPH)
Batting: RHB J.C. Creamer 0-0: Called Strike
0-1: Foul Ball, location: 2F
0-2: Strikes out looking
Batting: LHB Jaleen Edgell 0-0: Ball
1-0: Foul Ball, location: 2F
1-1: Foul Ball, location: 2F
1-2: Grounds into double play, 6-4-3 (Groundball, 6, EV 91.9 MPH)
Top of the 2nd over - 1 run, 2 hits, 0 errors, 0 left on base; Auburn 2 - Camden 0
BOTTOM OF THE 2ND
Camden Sand Tigers batting - Pitching for Auburn Venom : RHP Erick York
Batting: LHB Cody Griggs 0-0: Ball
1-0: Ball
2-0: Swinging Strike
2-1: Foul Ball, location: 2F
2-2: Strikes out swinging
Batting: RHB Owen Orth 0-0: Ball
1-0: Called Strike
1-1: Called Strike
1-2: Strikes out swinging
Batting: LHB Bradley Campbell 0-0: Ground out 4-3 (Groundball, 4S, EV 85.6 MPH)
Bottom of the 2nd over - 0 runs, 0 hits, 0 errors, 0 left on base; Auburn 2 - Camden 0
TOP OF THE 3RD
Auburn Venom batting - Pitching for Camden Sand Tigers : RHP Hazen Reyes
Batting: RHB Allen Cullin 0-0: Called Strike
0-1: Ball
1-1: Ball
2-1: Ground out 1-3 (Groundball, 15S, EV 74.4 MPH)
Batting: RHB Scott Horry 0-0: Ball
1-0: Ball
2-0: Called Strike
2-1: Fly out, F9 (Line Drive, 89M, EV 90.0 MPH)
Batting: RHB Ebenezer N'Gotho 0-0: Foul Ball, location: 2F
0-1: Swinging Strike
0-2: Strikes out swinging
Top of the 3rd over - 0 runs, 0 hits, 0 errors, 0 left on base; Auburn 2 - Camden 0
BOTTOM OF THE 3RD
Camden Sand Tigers batting - Pitching for Auburn Venom : RHP Erick York
Batting: RHB Sylvester Krantz 0-0: Ball
1-0: Ground out 6-3 (Groundball, 6M, EV 82.5 MPH)
Batting: SHB Jared Manning 0-0: Ball
1-0: Ball
2-0: Ball
3-0: Base on Balls
Batting: RHB Randy Wassell 0-0: Called Strike
Jared Manning steals 2nd base
0-1: Called Strike
0-2: Ball
1-2: Ball
2-2: Strikes out swinging
Batting: RHB Arel Dennis 0-0: Ball
1-0: Foul Ball, location: 2F
1-1: Called Strike
1-2: Ball
2-2: Fly out, F9 (Flyball, 9D, EV 100.6 MPH)
Bottom of the 3rd over - 0 runs, 0 hits, 0 errors, 1 left on base; Auburn 2 - Camden 0
TOP OF THE 4TH
Auburn Venom batting - Pitching for Camden Sand Tigers : RHP Hazen Reyes
Batting: SHB Quinton Welch 0-0: Fly out, F7 (Flyball, 7, EV 81.9 MPH)
Batting: RHB Martin Robbins 0-0: Ball
1-0: Fly out, F8 (Flyball, 8RD, EV 96.9 MPH)
Batting: RHB Dario Dokter 0-0: Foul Ball, location: 2F
0-1: Foul Ball, location: 2F
0-2: Ball
1-2: Strikes out swinging
Top of the 4th over - 0 runs, 0 hits, 0 errors, 0 left on base; Auburn 2 - Camden 0
BOTTOM OF THE 4TH
Camden Sand Tigers batting - Pitching for Auburn Venom : RHP Erick York
Batting: RHB Gregory Hofheins 0-0: Ball
1-0: Ball
2-0: Ball
3-0: Base on Balls
Batting: RHB Cale Bacon 0-0: Ball
1-0: Called Strike
1-1: Grounds into double play, 4-6-3 (Groundball, 4, EV 88.8 MPH)
Batting: LHB Cody Griggs 0-0: Ball
1-0: Fly out, F8 (Flyball, 8LS, EV 89.4 MPH)
Bottom of the 4th over - 0 runs, 0 hits, 0 errors, 0 left on base; Auburn 2 - Camden 0
TOP OF THE 5TH
Auburn Venom batting - Pitching for Camden Sand Tigers : RHP Hazen Reyes
Batting: LHB Da-Jon Akii-Bua 0-0: Ball
1-0: SOLO HOME RUN (Flyball, 9LD, EV 100.0 MPH), Distance : 365 ft
Batting: RHB J.C. Creamer 0-0: Ball
1-0: Ball
2-0: Called Strike
2-1: Swinging Strike
2-2: Ball
3-2: Foul Ball, location: 2F
3-2: Strikes out swinging
Batting: LHB Jaleen Edgell 0-0: Ground out 4-3 (Groundball, 4, EV 82.5 MPH)
Batting: RHB Allen Cullin 0-0: SINGLE (Groundball, 6MD, EV 95.6 MPH)
Batting: RHB Scott Horry 0-0: Foul Ball, location: 2F
0-1: Foul Ball, location: 2F
0-2: Strikes out swinging
Top of the 5th over - 1 run, 2 hits, 0 errors, 1 left on base; Auburn 3 - Camden 0
BOTTOM OF THE 5TH
Camden Sand Tigers batting - Pitching for Auburn Venom : RHP Erick York
Batting: RHB Owen Orth 0-0: Called Strike
0-1: Foul Ball, location: 2F
0-2: Ball
1-2: Ball
2-2: Ball
3-2: Foul Ball, location: 2F
3-2: Base on Balls
Batting: LHB Bradley Campbell 0-0: Ball
1-0: Foul Ball, location: 2F
1-1: Ball
2-1: Called Strike
2-2: Strikes out swinging
Batting: RHB Sylvester Krantz 0-0: Swinging Strike
0-1: Swinging Strike
0-2: Foul Ball, location: 2F
0-2: SINGLE (Flyball, 34D, EV 88.1 MPH)
Owen Orth to second
Batting: SHB Jared Manning 0-0: Ball
1-0: Swinging Strike
1-1: Foul Ball, location: 2F
1-2: Fielders Choice at 2nd, 4-6 (Groundball, 4M, EV 100.6 MPH)
Owen Orth to third
Batting: RHB Randy Wassell 0-0: Called Strike
0-1: Ball
1-1: Foul Ball, location: 2F
1-2: Foul Ball, location: 2F
1-2: Foul Ball, location: 2F
1-2: SINGLE (Groundball, 4D, EV 101.2 MPH)
Owen Orth scores
Jared Manning to second
Runner from 2nd tries for 3rd, SAFE, throw by CF made to third
Batting: RHB Arel Dennis 0-0: Called Strike
0-1: Ball
1-1: Ball
2-1: DOUBLE (Flyball, 8RXD, EV 100.6 MPH)
Jared Manning scores
Randy Wassell to third
Batting: RHB Gregory Hofheins 0-0: Called Strike
0-1: Ball
1-1: Foul Ball, location: 2F
1-2: Ball
2-2: Foul Ball, location: 2F
2-2: Ball
3-2: Foul Ball, location: 2F
3-2: 3-RUN HOME RUN (Flyball, 78XD, EV 101.9 MPH), Distance : 405 ft
Pitching: RHP Evan Monticello
Batting: RHB Cale Bacon 0-0: Ball
1-0: Ball
2-0: Ball
3-0: Base on Balls
Batting: LHB Cody Griggs 0-0: Ball
1-0: Ball
2-0: Called Strike
2-1: Fielders Choice at 2nd, 6-4 (Groundball, 6, EV 83.1 MPH)
Bottom of the 5th over - 5 runs, 4 hits, 0 errors, 1 left on base; Auburn 3 - Camden 5
TOP OF THE 6TH
Auburn Venom batting - Pitching for Camden Sand Tigers : RHP Hazen Reyes
Batting: RHB Ebenezer N'Gotho 0-0: SINGLE (Line Drive, 7S, EV 106.9 MPH)
Batting: SHB Quinton Welch Pickoff Throw to First - Out! 1-3
0-0: Ball
1-0: Ball
2-0: Ball
3-0: Called Strike
3-1: Foul Ball, location: 2F
3-2: DOUBLE (Flyball, 8LXD, EV 89.4 MPH)
Batting: RHB Martin Robbins 0-0: Ball
1-0: Ground out 5-3 (Groundball, 5, EV 90.0 MPH)
Batting: RHB Dario Dokter 0-0: Ball
1-0: Foul Ball, location: 2F
1-1: Called Strike
1-2: Ball
2-2: Ball
3-2: Foul Ball, location: 2F
3-2: Base on Balls
Batting: LHB Da-Jon Akii-Bua 0-0: Ball
1-0: Ball
2-0: Foul Ball, location: 2F
2-1: Ball
3-1: Fly out, F7 (Line Drive, 7S, EV 90.6 MPH)
Top of the 6th over - 0 runs, 2 hits, 0 errors, 2 left on base; Auburn 3 - Camden 5
BOTTOM OF THE 6TH
Camden Sand Tigers batting - Pitching for Auburn Venom : RHP Evan Monticello
Batting: RHB Owen Orth 0-0: Ball
1-0: Called Strike
1-1: Ball
2-1: Ball
3-1: Base on Balls
Batting: LHB Bradley Campbell 0-0: Ball
1-0: Foul Ball, location: 2F
1-1: Foul Ball, location: 2F
1-2: Ball
2-2: Ball
3-2: Foul Ball, location: 2F
3-2: Strikes out swinging
Batting: RHB Sylvester Krantz 0-0: Ball
1-0: Called Strike
Owen Orth is caught stealing 2nd base 2-4
1-1: Ball
2-1: Ball
3-1: Base on Balls
Batting: SHB Jared Manning 0-0: Ball
1-0: Called Strike
1-1: Swinging Strike
1-2: Foul Ball, location: 2F
1-2: Ball
2-2: DOUBLE (Flyball, 89D, EV 105.0 MPH)
Sylvester Krantz to third
Runner from 3rd tries for Home, SAFE, throw by RF to trailing runner, SAFE at third!
Batting: RHB Randy Wassell 0-0: Ball
1-0: Called Strike
1-1: Ball
2-1: Foul Ball, location: 2F
2-2: Ground out 1-3 (Groundball, 13, EV 69.4 MPH)
Bottom of the 6th over - 1 run, 1 hit, 0 errors, 1 left on base; Auburn 3 - Camden 6
TOP OF THE 7TH
Auburn Venom batting - Pitching for Camden Sand Tigers : RHP Hazen Reyes
Batting: RHB J.C. Creamer 0-0: Foul Ball, location: 2F
0-1: Ball
1-1: Ball
2-1: Foul Ball, location: 2F
2-2: Ball
3-2: Foul Ball, location: 2F
3-2: Foul Ball, location: 2F
3-2: Fly out, F7 (Flyball, 7, EV 86.2 MPH)
Pitching: LHP Travis Kastelic
Batting: LHB Jaleen Edgell 0-0: Ball
1-0: Foul Ball, location: 2F
1-1: Ball
2-1: Swinging Strike
2-2: Strikes out swinging
Batting: RHB Allen Cullin 0-0: Called Strike
0-1: Foul Ball, location: 2F
0-2: Strikes out swinging
Top of the 7th over - 0 runs, 0 hits, 0 errors, 0 left on base; Auburn 3 - Camden 6
BOTTOM OF THE 7TH
Camden Sand Tigers batting - Pitching for Auburn Venom : RHP Evan Monticello
Batting: RHB Arel Dennis 0-0: Ball
1-0: Foul Ball, location: 2F
1-1: Called Strike
1-2: Strikes out swinging
Batting: RHB Gregory Hofheins 0-0: Ball
1-0: Called Strike
1-1: Ball
2-1: Called Strike
2-2: Ground out 6-3 (Groundball, 6, EV 83.1 MPH)
Batting: RHB Cale Bacon 0-0: Ball
1-0: Called Strike
1-1: Ball
2-1: Foul Ball, location: 2F
2-2: Ball
3-2: Base on Balls
Pitching: RHP Aidan Spradlin
Batting: LHB Cody Griggs 0-0: Called Strike
0-1: Called Strike
0-2: Strikes out swinging
Bottom of the 7th over - 0 runs, 0 hits, 0 errors, 1 left on base; Auburn 3 - Camden 6
TOP OF THE 8TH
Auburn Venom batting - Pitching for Camden Sand Tigers : LHP Travis Kastelic
Now at 1B: Arel Dennis
Now in RF: Aden Lloyd
Batting: RHB Scott Horry 0-0: Called Strike
0-1: Called Strike
0-2: SINGLE (Line Drive, 34, EV 107.5 MPH)
Batting: RHB Ebenezer N'Gotho 0-0: SINGLE (Groundball, 6MD, EV 111.9 MPH)
Scott Horry to second
Runner from 2nd tries for 3rd, OUT! 8-5
Batting: SHB Quinton Welch 0-0: Ball
1-0: Ball
2-0: Ball
3-0: Base on Balls
Ebenezer N'Gotho to second
Batting: RHB Martin Robbins 0-0: Ball
1-0: Fly out, F8 (Flyball, 8LXD, EV 106.9 MPH)
Runner from 2nd tags up, SAFE at 3rd, no throw by CF
Batting: RHB Dario Dokter 0-0: Ball
1-0: Fly out, F8 (Flyball, 8RM, EV 98.1 MPH)
Top of the 8th over - 0 runs, 2 hits, 0 errors, 2 left on base; Auburn 3 - Camden 6
BOTTOM OF THE 8TH
Camden Sand Tigers batting - Pitching for Auburn Venom : RHP Aidan Spradlin
Batting: RHB Owen Orth 0-0: Ball
1-0: Ball
2-0: Called Strike
2-1: Ball
3-1: Base on Balls
Batting: LHB Bradley Campbell 0-0: Ball
1-0: Called Strike
1-1: Ball
2-1: Fly out, F8 (Flyball, 8RD, EV 97.5 MPH)
Batting: RHB Sylvester Krantz 0-0: Ball
Owen Orth is caught stealing 2nd base 2-4
1-0: Swinging Strike
1-1: Foul Ball, location: 2F
1-2: Foul Ball, location: 2F
1-2: Foul Ball, location: 2F
1-2: Foul Ball, location: 2F
1-2: Foul Ball, location: 2F
1-2: Strikes out swinging
Bottom of the 8th over - 0 runs, 0 hits, 0 errors, 0 left on base; Auburn 3 - Camden 6
TOP OF THE 9TH
Auburn Venom batting - Pitching for Camden Sand Tigers : LHP Travis Kastelic
Now at 3B: Alfred Nader
Batting: LHB Da-Jon Akii-Bua 0-0: Foul Ball, location: 2F
0-1: Ball
1-1: Ball
2-1: Ball
3-1: Called Strike
3-2: Base on Balls
Batting: RHB J.C. Creamer 0-0: Hit by Pitch
Da-Jon Akii-Bua to second
Pinch Hitting: SHB Shiloh Blanchard 0-0: Ball
1-0: DOUBLE (Groundball, 5L, EV 101.2 MPH)
Da-Jon Akii-Bua scores
J.C. Creamer to third
Batting: RHB Allen Cullin 0-0: Called Strike
0-1: Called Strike
0-2: Foul Ball, location: 2F
0-2: Fly out, F8 (Flyball, 8RM, EV 76.9 MPH)
Batting: RHB Scott Horry 0-0: Ball
1-0: Fly out, F8 (Flyball, 8RXD, EV 93.8 MPH)
Runner from 3rd tags up, SCORES, no throw by CF
Shiloh Blanchard to third
Batting: RHB Ebenezer N'Gotho 0-0: DOUBLE (Line Drive, 9LD, EV 109.4 MPH)
Shiloh Blanchard scores
Batting: SHB Quinton Welch 0-0: Ball
1-0: Ball
2-0: Ball
3-0: Called Strike
3-1: Called Strike
3-2: Ground out 6-3 (Groundball, 6, EV 101.9 MPH)
Top of the 9th over - 3 runs, 2 hits, 0 errors, 1 left on base; Auburn 6 - Camden 6
BOTTOM OF THE 9TH
Camden Sand Tigers batting - Pitching for Auburn Venom : RHP Aidan Spradlin
Now at 2B: Ronnie Luong
Batting: SHB Jared Manning 0-0: Ball
1-0: Ball
2-0: Called Strike
2-1: Ball
3-1: Base on Balls
Batting: RHB Randy Wassell 0-0: Ball
1-0: Ball
2-0: Called Strike
2-1: SINGLE (Groundball, 4D, EV 103.8 MPH)
Jared Manning to second
Runner from 2nd tries for 3rd, OUT after rundown.
Batting: RHB Arel Dennis 0-0: Ball
1-0: Swinging Strike
1-1: Ball
2-1: Called Strike
2-2: Strikes out swinging
Batting: LHB Aden Lloyd 0-0: Ball
1-0: Called Strike
1-1: Ball
2-1: Ball
3-1: Foul Ball, location: 2LF, Error on foul ball, E2
3-2: Ground out 1-3 (Groundball, P, EV 66.9 MPH)
Bottom of the 9th over - 0 runs, 1 hit, 1 error, 1 left on base; Auburn 6 - Camden 6
TOP OF THE 10TH
Auburn Venom batting - Pitching for Camden Sand Tigers : LHP Travis Kastelic
Batting: RHB Martin Robbins 0-0: Ball
1-0: Swinging Strike
1-1: Foul Ball, location: 2F
1-2: Strikes out swinging
Batting: RHB Dario Dokter 0-0: Called Strike
0-1: Called Strike
0-2: Foul Ball, location: 2F
0-2: Ball
1-2: Foul Ball, location: 2F
1-2: Ball
2-2: DOUBLE (Groundball, 3L, EV 109.4 MPH)
Batting: LHB Da-Jon Akii-Bua 0-0: Called Strike
0-1: Ball
1-1: Called Strike
1-2: Strikes out looking
Batting: RHB J.C. Creamer 0-0: Intentional Walk
Batting: RHB Ronnie Luong 0-0: Swinging Strike
0-1: Ball
1-1: Ball
2-1: Ball
3-1: Foul Ball, location: 2F
3-2: Base on Balls
Dario Dokter to third
J.C. Creamer to second
Pitching: LHP Max Richardson
Batting: RHB Allen Cullin 0-0: Ball
1-0: Called Strike
1-1: Ball
2-1: Foul Ball, location: 2F
2-2: SINGLE (Line Drive, 6MD, EV 98.8 MPH)
Dario Dokter scores
J.C. Creamer to third
Ronnie Luong to second
Batting: RHB Scott Horry 0-0: Called Strike
0-1: Ball
1-1: Called Strike
1-2: Strikes out swinging
Top of the 10th over - 1 run, 2 hits, 0 errors, 3 left on base; Auburn 7 - Camden 6
BOTTOM OF THE 10TH
Camden Sand Tigers batting - Pitching for Auburn Venom : RHP Aidan Spradlin
Pitching: RHP Herman Mauleon
Now in LF: Da-Jon Akii-Bua
Now in CF: James Furse
Batting: RHB Cale Bacon 0-0: Called Strike
0-1: Fly out, F7 (Flyball, 7, EV 86.9 MPH)
Batting: LHB Cody Griggs 0-0: SINGLE (Groundball, 5D, EV 104.4 MPH)
Batting: RHB Owen Orth 0-0: Swinging Strike
0-1: Fly out, F3 (Popup, 3, EV 81.9 MPH)
Pinch Hitting: SHB Evan Doyon 0-0: Called Strike
0-1: Swinging Strike
0-2: Ball
Wild Pitch!
Cody Griggs to second
1-2: Ball
2-2: SINGLE (Flyball, 8LS, EV 92.5 MPH)
Cody Griggs to third
Runner from 3rd tries for Home, throw by CF and OUT! 8-2
Bottom of the 10th over - 0 runs, 2 hits, 0 errors, 1 left on base; Auburn 7 - Camden 6
Friday, May 17th , 2024 - OOTP Baseball 23.10 Build 110